 Dungeon Crawl Stone Soup version 0.19-a0-450-g98b348d (webtiles) character file.

136 epen the Chiller (level 4, -6/33 HPs)
             Began as a Demonspawn Ice Elementalist on June 1, 2016.
             Killed by nerve-wracking pain
             ... invoked by an orc priest
              (11 damage)
             ... on level 3 of the Dungeon.
             The game lasted 00:04:41 (3433 turns).

epen the Chiller (Demonspawn Ice Elementalist)      Turns: 3433, Time: 00:04:42

Health: -6/33      AC:  8    Str:  8    XL:     4   Next: 98%
Magic:  0/7        EV: 13    Int: 18    God:
Gold:   85         SH:  0    Dex: 13    Spells: 3 memorised, 1 level left

rFire  . . .     SeeInvis .     e - +0 dagger (venom)
rCold  . . .     Gourm    .     a - +0 robe
rNeg   . . .     Faith    .     (no shield)
rPois  +         Spirit   +     (helmet restricted)
rElec  .         Dismiss  .     (no cloak)
rCorr  .         Reflect  .     (no gloves)
SustAt .         Harm     .     l - +0 pair of boots
MR     .....                    (no amulet)
Stlth  ++........               (no ring)
                                m - ring of poison resistance

@: icy armour, slow, not resistant to hostile enchantments, unstealthy
A: antennae 1, magic shield, rot immunity
a: no special abilities


You were on level 3 of the Dungeon.
You were not hungry.

You visited 1 branch of the dungeon, and saw 3 of its levels.

You collected 85 gold pieces.

Inventory:

Hand Weapons
 e - a +0 dagger of venom (weapon)
Armour
 a - a +0 robe (worn)
 l - a +0 pair of boots (worn)
Jewellery
 m - a ring of poison resistance (left hand)
Scrolls
 g - 2 scrolls of enchant armour {unknown}
 h - 2 scrolls of magic mapping {unknown}
 i - 4 scrolls of remove curse {unknown}
 j - a scroll of teleportation {unknown}
 k - 2 scrolls of identify {unknown}
 n - a scroll of noise {unknown}
Potions
 d - 2 potions of curing {unknown}
 f - 2 potions of degeneration {unknown}
Books
 b - a book of Frost

   Spells                             Type                      Level
   a - Freeze                         Ice                          1
   b - Throw Frost                    Conjuration/Ice              2
   c - Ozocubu's Armour               Charms/Ice                   3
   d - Throw Icicle                   Conjuration/Ice              4
   e - Summon Ice Beast               Ice/Summoning                4
Comestibles
 c - a bread ration


   Skills:
 + Level 1.7 Fighting
 + Level 2.4 Dodging
 - Level 1.7 Stealth
 + Level 2.4 Spellcasting
 * Level 2.2 Conjurations
 * Level 3.7 Ice Magic


You had one spell level left.
You knew the following spells:

 Your Spells              Type           Power        Failure   Level  Hunger
a - Freeze                Ice            ###.         4%          1    #......
b - Throw Frost           Conj/Ice       ##....       10%         2    ##.....
c - Ozocubu's Armour      Chrm/Ice       #.......     30%         3    ###....


Dungeon Overview and Level Annotations

Branches:
Dungeon (3/15)

Altars:
Ashenzari
Fedhas
Gozag


Innate Abilities, Weirdness & Mutations

You have a pair of small antennae on your head.
When hurt, damage is shared between your health and your magic reserves.
You are immune to rotting.


Message History

You closely miss the orc priest.
The orc priest is moderately wounded.
The orc priest casts a cantrip, but nothing happens.
A gnoll comes into view. It is wielding a spear.
Casting: Freeze
Confirm with . or Enter, or press ? or * to list all spells.
You don't have enough magic to cast that spell.
Unknown command.
The gnoll hits you but does no damage. The orc priest barely misses you.
An orc priest comes into view. It is wielding a short sword.
Things that are here:
a hand axe; an orc corpse You feel sick.
You are no longer poisoned.
The gnoll closely misses you. The orc priest completely misses you.
A gnoll comes into view. It is wielding a flail.
The gnoll moves out of view.
The orc priest calls down the wrath of Beogh upon you.
Pain shoots through your body!
You die...

#.......# #.......#
#.......# ##g..####
#o#.# #.#.# #.#.##### #
#.#..g..# #.##.# ###@#
#..oo###.#.#
####.{.o†#o#
#.###)#o################
#.#..)og......[.....)...
#.#####.################
#.. ...# ### #####


You could see 2 orc priests, 2 gnolls and an orc.

Vanquished Creatures
  An orc wizard (D:3)
  2 adders (D:3)
  2 oozes (D:2)
  3 worms
  A dart slug (D:1)
  2 giant geckos
  5 orcs (D:3)
  4 ball pythons
  3 giant cockroaches
  4 goblins (D:1)
  8 hobgoblins
  2 jackals (D:1)
  3 quokkas
  10 bats
  5 giant newts
  3 kobolds
  7 rats
65 creatures vanquished.

Notes
Turn   | Place    | Note
--------------------------------------------------------------
     0 | D:1      | epen the Demonspawn Ice Elementalist began the quest for the Orb.
     0 | D:1      | Reached XP level 1. HP: 13/13 MP: 3/3
   196 | D:1      | Gained mutation: You have a pair of small antennae on your head. [demonic ancestry]
   196 | D:1      | Reached XP level 2. HP: 18/20 MP: 1/5
   321 | D:1      | Learned a level 2 spell: Throw Frost
   367 | D:1      | Reached skill level 3 in Ice Magic
   447 | D:1      | Reached skill level 1 in Fighting
  1136 | D:1      | Gained mutation: When hurt, damage is shared between your health and your magic reserves. [demonic ancestry]
  1136 | D:1      | Reached XP level 3. HP: 26/26 MP: 6/6
  1467 | D:2      | Found a shattered altar of Ashenzari.
  2015 | D:2      | Found a blossoming altar of Fedhas.
  2050 | D:2      | Learned a level 3 spell: Ozocubu's Armour
  2569 | D:2      | Found an opulent altar of Gozag.
  2715 | D:3      | Gained mutation: You are immune to rotting. [demonic ancestry]
  2715 | D:3      | Reached XP level 4. HP: 30/32 MP: 7/7
  3433 | D:3      | Killed from afar by an orc priest

Vault maps used:
D:1:      ncdulo_wetmaze, minmay_liquid_box, minmay_gold_behind_fungi
D:2:      wad_crossroads, ashenzari_conservatory_becter,
          nicolae_gozag_seed_capital, lemuel_crystal_altar

Skill      XL: |  1  2  3  4 |
---------------+-------------+-----
Dodging        | 2 |  2.4
Ice Magic      | 3 |  3.7
Fighting       | 1 |  1.7
Conjurations   | 2 |  2.2
Stealth        | |  1.7
Spellcasting   | |  2.4

Action                   |  1- 3 |  4- 6 || total
-------------------------+-------+-------++-------
Melee: Unarmed           |    10 |       ||    10
       Dagger            |   133 |    64 ||   197
 Cast: Freeze            |    16 |     7 ||    23
       Ozocubu's Armour  |       |     2 ||     2
 Stab: Sleeping          |     9 |     1 ||    10
  Eat: Chunk             |     1 |     3 ||     4
       Bread ration      |     1 |       ||     1
Armor: Robe              |    33 |    14 ||    47
Dodge: Dodged            |   127 |    59 ||   186
